Penguins vs Bruins

Created - December 4 2007 at 19:49

Goals
1 2 3 T
Penguins 2 2 1 5
Bruins 1 0 2 3
Shots
1 2 3 T
Penguins 7 14 8 29
Bruins 18 11 7 36

Period #1

1. Bruins , Scott Walker 8 (Rostislav Klesla, P.J. Axelsson) at 1:26
2. Penguins , Bryan Mccabe 5 (Evgeni Malkin, Marian Hossa) at 2:30
3. Penguins , Evgeni Malkin 7 (Marian Hossa, Scott Hannan) at 17:42

Penalties :
Marian Hossa (PIT) for Hooking (Minor) at 5:06, P.J. Axelsson (BOS) for Hooking (Minor) at 7:28, Dominic Moore (PIT) for Interference (Minor) at 7:28, Taylor Pyatt (PIT) for Boarding (Minor) at 10:21

Period #2

4. Penguins , Kris Draper 9 (Christian Backman) at 5:42
5. Penguins , Sidney Crosby 15 (Mark Bell, Jarkko Ruutu) at 8:54 (PP)

Penalties :
Shane Hnidy (BOS) for Hooking (Minor) at 3:08, Mike Richards (BOS) for Roughing (Minor) at 7:04, Rick Nash (BOS) for Diving (Minor) at 9:35, Marco Sturm (BOS) for Holding (Minor) at 17:10, Mike Richards (BOS) for Roughing (Minor) at 17:49

Period #3

6. Bruins , Mike Richards 4 (Rostislav Klesla) at 5:45
7. Bruins , P.J. Axelsson 5 (Mike Richards, Scott Walker) at 6:48
8. Penguins , Evgeni Malkin 8 (Marian Hossa, Bryan Mccabe) at 19:24 (Empty Net)

Penalties :
Sean Avery (BOS) for Fighting (Major) at 1:52, Mark Bell (PIT) for Fighting (Major) at 1:52, Sidney Crosby (PIT) for Holding Stick (Minor) at 10:08, Bobby Holik (BOS) for Goalie Interference (Minor) at 10:58

Goalie Stats

Marc-Andre Fleury (PIT), 33 saves from 36 shots - (0.917), W, 12-16-2, 60:00 minutes
Dominik Hasek (BOS), 11 saves from 14 shots - (0.786), 25:42 minutes
Tim Thomas (BOS), 13 saves from 14 shots - (0.929), L, 6-4-2, 34:00 minutes

Players Stats

Penguins
Player Name              G  A  P  +/- PIM S  H  SB FO MP 
-----------------------------------------------------------
Brooks Orpik             0  0  0   0  0   0  2  2  0  16 
Bryan Mccabe             1  1  2   3  0   3  1  2  0  24 
Christian Backman        0  1  1   0  0   0  1  3  0  17 
Dallas Drake             0  0  0   0  0   0  1  0  1  5  
Dominic Moore            0  0  0  -1  2   1  1  0  1  17 
Evgeni Malkin            2  1  3   3  0   5  2  0  24 21 
Glen Wesley              0  0  0  -2  0   0  1  4  0  23 
Jarkko Ruutu             0  1  1  -2  0   2  3  1  7  25 
Jere Lehtinen            0  0  0   0  0   0  0  0  0  0  
Josef Melichar           0  0  0  -2  0   1  1  5  0  23 
Kris Draper              1  0  1   0  0   1  1  1  18 18 
Marian Hossa             0  3  3   2  2   6  2  1  9  22 
Mark Bell                0  1  1   0  5   2  4  0  2  17 
Mark Parrish             0  0  0   0  0   2  3  0  2  16 
Martin Lapointe          0  0  0   0  0   0  1  0  0  5  
Scott Hannan             0  1  1   3  0   0  1  1  0  24 
Sidney Crosby            1  0  1  -2  2   5  0  0  23 22 
Taylor Pyatt             0  0  0   3  2   1  1  1  1  17 
Bruins
Player Name              G  A  P  +/- PIM S  H  SB FO MP 
-----------------------------------------------------------
Bobby Holik              0  0  0   0  2   1  1  0  8  11 
Garnet Exelby            0  0  0  -2  0   0  2  1  0  17 
Georges Laraque          0  0  0   0  0   0  0  0  0  6  
Glen Murray              0  0  0  -1  0   2  1  0  7  22 
Jeffrey Hamilton         0  0  0   0  0   1  0  0  0  6  
Marco Sturm              0  0  0  -2  2   1  1  0  3  16 
Mike Richards            1  1  2   2  4   2  2  0  26 18 
P.J. Axelsson            1  1  2   2  2   5  1  2  0  18 
Patrice Bergeron         0  0  0  -1  0   5  0  0  22 19 
Rick Nash                0  0  0  -1  2   3  3  0  0  21 
Rostislav Klesla         0  2  2   2  0   0  2  1  0  19 
Ruslan Salei             0  0  0  -1  0   1  1  1  0  22 
Sami Salo                0  0  0  -1  0   3  1  4  0  23 
Scott Walker             1  1  2   2  0   1  3  0  0  14 
Sean Avery               0  0  0  -2  5   4  2  0  17 14 
Shane Doan               0  0  0  -2  0   1  0  0  5  17 
Shane Hnidy              0  0  0   2  2   1  2  2  0  20 
Zdeno Chara              0  0  0  -2  0   5  3  5  0  23 

3 Stars

1 - Evgeni Malkin (PIT)
2 - Bryan Mccabe (PIT)
3 - Scott Walker (BOS)

Power Play

Penguins - 1 on 6 Attempt(s) - 16.67%
Bruins - 0 on 3 Attempt(s) - 0.00%

Penalty Kill

Penguins - 3 on 3 Attempt(s) - 100.00% - Score 0 goal in Penalty Kill
Bruins - 5 on 6 Attempt(s) - 83.33% - Score 0 goal in Penalty Kill

Game Notes

Tim Thomas enters game at 5:42 of 2nd period
Sean Avery and Mark Bell fight to a draw at 1:52 of 3rd period
Evgeni Malkin has scored in a empty net!

Finance

Level 1 -- Attendance: 4352 (72.53%) -- Ticket Income $404,736.00
Level 2 -- Attendance: 4069 (84.78%) -- Ticket Income $223,795.00
Level 3 -- Attendance: 1802 (90.12%) -- Ticket Income $57,664.00
Level 4 -- Attendance: 2977 (79.07%) -- Ticket Income $62,517.00
Luxury Box -- Attendance: 948 (94.79%) -- Ticket Income $155,472.00
Game was played at the TD Banknorth Garden
Total Attendance: 14148 (80.55%)
Total Ticket Income: $943,645.90
Other Income: $158,463.60
Total Income: $1,102,110.00


Play by Play

Period #1

0:01 of 1st period - Patrice Bergeron wins face-off versus Marian Hossa in neutral zone.
0:04 of 1st period - Shot by Zdeno Chara.
0:04 of 1st period - Stopped by Marc-Andre Fleury without a rebound.
0:05 of 1st period - Sidney Crosby wins face-off versus Sean Avery in Penguins zone.
0:25 of 1st period - Off-side.
0:26 of 1st period - Glen Murray wins face-off versus Evgeni Malkin in neutral zone.
0:36 of 1st period - Marian Hossa is hit by Rick Nash.
0:43 of 1st period - Evgeni Malkin is hit by Zdeno Chara and loses puck.
0:55 of 1st period - Icing by Marian Hossa.
0:56 of 1st period - Evgeni Malkin wins face-off versus Sean Avery in Penguins zone.
1:04 of 1st period - Icing by Garnet Exelby.
1:05 of 1st period - Sean Avery wins face-off versus Sidney Crosby in Bruins zone.
1:14 of 1st period - Shot by Shane Doan.
1:14 of 1st period - Stopped by Marc-Andre Fleury without a rebound.
1:15 of 1st period - Mike Richards wins face-off versus Kris Draper in Penguins zone.
1:26 of 1st period - Shot by Scott Walker.
1:26 of 1st period - Goal by Scott Walker - Penguins : 0 - Bruins : 1.
1:27 of 1st period - Patrice Bergeron wins face-off versus Sidney Crosby in neutral zone.
1:46 of 1st period - Shot by Patrice Bergeron.
1:46 of 1st period - Stopped by Marc-Andre Fleury with a rebound.
1:48 of 1st period - Shot by Patrice Bergeron.
1:48 of 1st period - Stopped by Marc-Andre Fleury with a rebound.
1:50 of 1st period - Shot by Glen Murray.
1:50 of 1st period - Stopped by Marc-Andre Fleury without a rebound.
1:51 of 1st period - Evgeni Malkin wins face-off versus Shane Doan in Penguins zone.
2:26 of 1st period - Shot by Marian Hossa.
2:26 of 1st period - Shot Misses the Net.
2:28 of 1st period - Shot by Evgeni Malkin.
2:28 of 1st period - Shot Blocked by Garnet Exelby.
2:30 of 1st period - Shot by Bryan Mccabe.
2:30 of 1st period - Goal by Bryan Mccabe - Penguins : 1 - Bruins : 1.
2:31 of 1st period - Patrice Bergeron wins face-off versus Sidney Crosby in neutral zone.
2:48 of 1st period - Shot by Sidney Crosby.
2:48 of 1st period - Stopped by Dominik Hasek without a rebound.
2:49 of 1st period - Kris Draper wins face-off versus Mike Richards in Bruins zone.
3:19 of 1st period - Icing by Shane Hnidy.
3:20 of 1st period - Mike Richards wins face-off versus Sidney Crosby in Bruins zone.
3:20 of 1st period - Mike Richards is hit by Mark Bell.
4:14 of 1st period - Rick Nash is hit by Glen Wesley and loses puck.
4:41 of 1st period - Shot by Evgeni Malkin.
4:41 of 1st period - Shot Misses the Net.
5:06 of 1st period - Minor Penalty to Marian Hossa for Hooking.
5:07 of 1st period - Kris Draper wins face-off versus Shane Doan in neutral zone.
5:13 of 1st period - Icing by Rostislav Klesla.
5:14 of 1st period - Kris Draper wins face-off versus Sean Avery in Bruins zone.
6:08 of 1st period - Shot by Glen Murray.
6:08 of 1st period - Deflect By Rick Nash.
6:08 of 1st period - Shot Misses the Net.
6:10 of 1st period - Shot by Shane Hnidy.
6:10 of 1st period - Stopped by Marc-Andre Fleury without a rebound.
6:11 of 1st period - Sean Avery wins face-off versus Kris Draper in Penguins zone.
6:20 of 1st period - Shot by Sean Avery.
6:20 of 1st period - Stopped by Marc-Andre Fleury with a rebound.
6:22 of 1st period - Shot by Marco Sturm.
6:22 of 1st period - Shot Blocked by Scott Hannan.
6:24 of 1st period - Shot by Sean Avery.
6:24 of 1st period - Stopped by Marc-Andre Fleury with a rebound.
7:28 of 1st period - Minor Penalty to P.J. Axelsson for Hooking.
7:28 of 1st period - Minor Penalty to Dominic Moore for Interference.
7:29 of 1st period - Marian Hossa wins face-off versus Patrice Bergeron in Bruins zone.
7:32 of 1st period - Shot by Evgeni Malkin.
7:32 of 1st period - Stopped by Dominik Hasek without a rebound.
7:33 of 1st period - Patrice Bergeron wins face-off versus Marian Hossa in Bruins zone.
7:58 of 1st period - Shot by Marian Hossa.
7:58 of 1st period - Shot Misses the Net.
8:00 of 1st period - Shot by Marian Hossa.
8:00 of 1st period - Shot Blocked by Zdeno Chara.
8:02 of 1st period - Shot by Marian Hossa.
8:02 of 1st period - Shot Misses the Net.
9:18 of 1st period - Shot by Rostislav Klesla.
9:18 of 1st period - Shot Blocked by Glen Wesley.
9:20 of 1st period - Shot by Zdeno Chara.
9:20 of 1st period - Stopped by Marc-Andre Fleury without a rebound.
9:21 of 1st period - Mike Richards wins face-off versus Evgeni Malkin in Penguins zone.
10:19 of 1st period - Icing by Rostislav Klesla.
10:20 of 1st period - Mike Richards wins face-off versus Evgeni Malkin in Bruins zone.
10:20 of 1st period - Mike Richards is hit by Bryan Mccabe.
10:21 of 1st period - Minor Penalty to Taylor Pyatt for Boarding.
10:22 of 1st period - Glen Murray wins face-off versus Marian Hossa in Bruins zone.
10:45 of 1st period - Shot by Patrice Bergeron.
10:45 of 1st period - Shot Misses the Net.
10:49 of 1st period - Shot by Rick Nash.
10:49 of 1st period - Deflect By Patrice Bergeron.
10:49 of 1st period - Stopped by Marc-Andre Fleury without a rebound.
10:50 of 1st period - Marco Sturm wins face-off versus Marian Hossa in Penguins zone.
11:00 of 1st period - Icing by Sean Avery.
11:01 of 1st period - Sean Avery wins face-off versus Sidney Crosby in Bruins zone.
11:10 of 1st period - Shot by Shane Doan.
11:10 of 1st period - Shot Misses the Net.
11:12 of 1st period - Shot by Sami Salo.
11:12 of 1st period - Shot Blocked by Marian Hossa.
11:25 of 1st period - Icing by Sami Salo.
11:26 of 1st period - Evgeni Malkin wins face-off versus Sean Avery in Bruins zone.
11:29 of 1st period - Shot by Evgeni Malkin.
11:29 of 1st period - Shot Misses the Net.
11:49 of 1st period - Shot by Patrice Bergeron.
11:49 of 1st period - Shot Blocked by Glen Wesley.
11:51 of 1st period - Shot by Rick Nash.
11:51 of 1st period - Shot Hit the Post.
12:16 of 1st period - Icing by Glen Murray.
12:17 of 1st period - Patrice Bergeron wins face-off versus Marian Hossa in Bruins zone.
12:52 of 1st period - Shot by P.J. Axelsson.
12:52 of 1st period - Deflect By Scott Walker.
12:52 of 1st period - Shot Misses the Net.
13:20 of 1st period - Shot by Jeffrey Hamilton.
13:20 of 1st period - Stopped by Marc-Andre Fleury without a rebound.
13:21 of 1st period - Patrice Bergeron wins face-off versus Evgeni Malkin in Penguins zone.
13:21 of 1st period - Patrice Bergeron is hit by Taylor Pyatt.
13:30 of 1st period - Patrice Bergeron is hit by Scott Hannan and loses puck.
13:35 of 1st period - Shot by Patrice Bergeron.
13:35 of 1st period - Deflect By Rick Nash.
13:35 of 1st period - Shot Misses the Net.
13:59 of 1st period - Shot by Marian Hossa.
13:59 of 1st period - Shot Misses the Net.
15:12 of 1st period - Icing by Kris Draper.
15:13 of 1st period - Mike Richards wins face-off versus Kris Draper in Penguins zone.
15:20 of 1st period - Shot by P.J. Axelsson.
15:20 of 1st period - Stopped by Marc-Andre Fleury without a rebound.
15:21 of 1st period - Mike Richards wins face-off versus Evgeni Malkin in Penguins zone.
15:53 of 1st period - Shot by P.J. Axelsson.
15:53 of 1st period - Stopped by Marc-Andre Fleury without a rebound.
15:54 of 1st period - Bobby Holik wins face-off versus Sidney Crosby in Penguins zone.
16:19 of 1st period - Shot by Sami Salo.
16:19 of 1st period - Shot Misses the Net.
16:21 of 1st period - Shot by Sami Salo.
16:21 of 1st period - Stopped by Marc-Andre Fleury with a rebound.
16:25 of 1st period - Shot by Bobby Holik.
16:25 of 1st period - Stopped by Marc-Andre Fleury without a rebound.
16:26 of 1st period - Patrice Bergeron wins face-off versus Kris Draper in Penguins zone.
16:26 of 1st period - Zdeno Chara is hit by Brooks Orpik and loses puck.
16:31 of 1st period - Shot by Ruslan Salei.
16:31 of 1st period - Stopped by Marc-Andre Fleury without a rebound.
16:32 of 1st period - Mike Richards wins face-off versus Dominic Moore in Penguins zone.
16:45 of 1st period - Shot by Mark Parrish.
16:45 of 1st period - Shot Blocked by Shane Hnidy.
17:36 of 1st period - Shot by Evgeni Malkin.
17:36 of 1st period - Shot Misses the Net.
17:38 of 1st period - Shot by Marian Hossa.
17:38 of 1st period - Stopped by Dominik Hasek with a rebound.
17:40 of 1st period - Shot by Marian Hossa.
17:40 of 1st period - Stopped by Dominik Hasek with a rebound.
17:42 of 1st period - Shot by Evgeni Malkin.
17:42 of 1st period - Goal by Evgeni Malkin - Penguins : 2 - Bruins : 1.
17:43 of 1st period - Sidney Crosby wins face-off versus Sean Avery in neutral zone.
17:46 of 1st period - Shane Doan is hit by Mark Bell and loses puck.
18:07 of 1st period - Shot by Sami Salo.
18:07 of 1st period - Shot Blocked by Glen Wesley.
18:11 of 1st period - Shot by Marco Sturm.
18:11 of 1st period - Shot Blocked by Josef Melichar.
18:13 of 1st period - Shot by Sami Salo.
18:13 of 1st period - Stopped by Marc-Andre Fleury with a rebound.
19:27 of 1st period - Shot by Marian Hossa.
19:27 of 1st period - Stopped by Dominik Hasek without a rebound.
19:28 of 1st period - Bobby Holik wins face-off versus Kris Draper in Bruins zone.
19:52 of 1st period - Icing by Kris Draper.
19:53 of 1st period - Mike Richards wins face-off versus Mark Parrish in Penguins zone.
19:55 of 1st period - Scott Walker is hit by Dominic Moore and loses puck.

Period #2

0:01 of 2nd period - Patrice Bergeron wins face-off versus Evgeni Malkin in neutral zone.
0:04 of 2nd period - Shot by Rick Nash.
0:04 of 2nd period - Shot Blocked by Taylor Pyatt.
0:10 of 2nd period - Bryan Mccabe is hit by Rick Nash and loses puck.
0:23 of 2nd period - Shot by Evgeni Malkin.
0:23 of 2nd period - Shot Misses the Net.
0:25 of 2nd period - Shot by Taylor Pyatt.
0:25 of 2nd period - Shot Blocked by Ruslan Salei.
0:29 of 2nd period - Shot by Marian Hossa.
0:29 of 2nd period - Shot Blocked by Zdeno Chara.
0:31 of 2nd period - Shot by Taylor Pyatt.
0:31 of 2nd period - Stopped by Dominik Hasek without a rebound.
0:32 of 2nd period - Sidney Crosby wins face-off versus Sean Avery in Bruins zone.
0:59 of 2nd period - Shot by Josef Melichar.
0:59 of 2nd period - Shot Misses the Net.
1:03 of 2nd period - Shot by Sidney Crosby.
1:03 of 2nd period - Shot Misses the Net.
1:05 of 2nd period - Shot by Sidney Crosby.
1:05 of 2nd period - Stopped by Dominik Hasek without a rebound.
1:06 of 2nd period - Mike Richards wins face-off versus Kris Draper in Bruins zone.
1:15 of 2nd period - Shot by Mike Richards.
1:15 of 2nd period - Shot Misses the Net.
1:30 of 2nd period - Icing by Christian Backman.
1:31 of 2nd period - Patrice Bergeron wins face-off versus Kris Draper in Penguins zone.
1:44 of 2nd period - Shot by Mark Parrish.
1:44 of 2nd period - Deflect By Dominic Moore.
1:44 of 2nd period - Stopped by Dominik Hasek without a rebound.
1:45 of 2nd period - Evgeni Malkin wins face-off versus Sean Avery in Bruins zone.
1:48 of 2nd period - Shot by Marian Hossa.
1:48 of 2nd period - Shot Misses the Net.
2:03 of 2nd period - Sean Avery is hit by Marian Hossa and loses puck.
2:14 of 2nd period - Shot by Sami Salo.
2:14 of 2nd period - Stopped by Marc-Andre Fleury without a rebound.
2:15 of 2nd period - Patrice Bergeron wins face-off versus Jarkko Ruutu in Penguins zone.
2:36 of 2nd period - Ruslan Salei is hit by Mark Bell and loses puck.
2:47 of 2nd period - Shot by Rick Nash.
2:47 of 2nd period - Shot Hit the Post.
2:49 of 2nd period - Shot by Glen Murray.
2:49 of 2nd period - Shot Blocked by Josef Melichar.
2:53 of 2nd period - Shot by Patrice Bergeron.
2:53 of 2nd period - Stopped by Marc-Andre Fleury with a rebound.
2:57 of 2nd period - Shot by Rick Nash.
2:57 of 2nd period - Stopped by Marc-Andre Fleury without a rebound.
2:58 of 2nd period - Kris Draper wins face-off versus Mike Richards in Penguins zone.
3:06 of 2nd period - Kris Draper is hit by Scott Walker and loses puck.
3:08 of 2nd period - Minor Penalty to Shane Hnidy for Hooking.
3:09 of 2nd period - Evgeni Malkin wins face-off versus Mike Richards in Bruins zone.
3:16 of 2nd period - Shot by Marian Hossa.
3:16 of 2nd period - Shot Misses the Net.
3:27 of 2nd period - Marian Hossa is hit by Sami Salo and loses puck.
3:41 of 2nd period - Evgeni Malkin is hit by Zdeno Chara and loses puck.
3:59 of 2nd period - Icing by Scott Hannan.
4:00 of 2nd period - Mike Richards wins face-off versus Evgeni Malkin in Penguins zone.
4:40 of 2nd period - Shot by Sidney Crosby.
4:40 of 2nd period - Stopped by Dominik Hasek without a rebound.
4:41 of 2nd period - Sidney Crosby wins face-off versus Mike Richards in Bruins zone.
4:44 of 2nd period - Shot by Mark Bell.
4:44 of 2nd period - Stopped by Dominik Hasek with a rebound.
5:09 of 2nd period - Icing by Sidney Crosby.
5:10 of 2nd period - Kris Draper wins face-off versus Sean Avery in Penguins zone.
5:25 of 2nd period - Shot by Mark Parrish.
5:25 of 2nd period - Stopped by Dominik Hasek without a rebound.
5:26 of 2nd period - Mark Parrish wins face-off versus Mike Richards in Bruins zone.
5:26 of 2nd period - Mark Parrish is hit by Scott Walker.
5:40 of 2nd period - Shot by Christian Backman.
5:40 of 2nd period - Shot Blocked by Rostislav Klesla.
5:42 of 2nd period - Shot by Kris Draper.
5:42 of 2nd period - Goal by Kris Draper - Penguins : 3 - Bruins : 1.
5:42 of 2nd period - Tim Thomas enters game.
5:43 of 2nd period - Evgeni Malkin wins face-off versus Patrice Bergeron in neutral zone.
5:52 of 2nd period - Shot by Marian Hossa.
5:52 of 2nd period - Stopped by Tim Thomas with a rebound.
5:59 of 2nd period - Icing by Scott Hannan.
6:00 of 2nd period - Evgeni Malkin wins face-off versus Sean Avery in Penguins zone.
6:00 of 2nd period - Evgeni Malkin is hit by Sean Avery.
6:58 of 2nd period - Shot by Glen Murray.
6:58 of 2nd period - Shot Misses the Net.
7:00 of 2nd period - Shot by Glen Murray.
7:00 of 2nd period - Shot Misses the Net.
7:02 of 2nd period - Shot by Zdeno Chara.
7:02 of 2nd period - Stopped by Marc-Andre Fleury without a rebound.
7:03 of 2nd period - Sidney Crosby wins face-off versus Mike Richards in Penguins zone.
7:03 of 2nd period - Mark Bell is hit by P.J. Axelsson.
7:04 of 2nd period - Minor Penalty to Mike Richards for Roughing.
7:05 of 2nd period - Sidney Crosby wins face-off versus Bobby Holik in neutral zone.
7:26 of 2nd period - Shot by Sidney Crosby.
7:26 of 2nd period - Shot Misses the Net.
7:30 of 2nd period - Shot by Sidney Crosby.
7:30 of 2nd period - Stopped by Tim Thomas without a rebound.
7:31 of 2nd period - Glen Murray wins face-off versus Sidney Crosby in Bruins zone.
8:35 of 2nd period - Marian Hossa is hit by Garnet Exelby and loses puck.
8:54 of 2nd period - Shot by Sidney Crosby.
8:54 of 2nd period - Goal by Sidney Crosby - Penguins : 4 - Bruins : 1.
8:55 of 2nd period - Kris Draper wins face-off versus Mike Richards in neutral zone.
8:55 of 2nd period - Christian Backman is hit by Mike Richards and loses puck.
9:16 of 2nd period - Shot by P.J. Axelsson.
9:16 of 2nd period - Shot Blocked by Christian Backman.
9:18 of 2nd period - Shot by Mike Richards.
9:18 of 2nd period - Shot Misses the Net.
9:20 of 2nd period - Shot by Mike Richards.
9:20 of 2nd period - Shot Blocked by Brooks Orpik.
9:24 of 2nd period - Shot by Scott Walker.
9:24 of 2nd period - Shot Misses the Net.
9:26 of 2nd period - Shot by Mike Richards.
9:26 of 2nd period - Stopped by Marc-Andre Fleury without a rebound.
9:27 of 2nd period - Jarkko Ruutu wins face-off versus Bobby Holik in Penguins zone.
9:27 of 2nd period - Bryan Mccabe is hit by Bobby Holik.
9:28 of 2nd period - Icing by Bryan Mccabe.
9:29 of 2nd period - Patrice Bergeron wins face-off versus Jarkko Ruutu in Penguins zone.
9:35 of 2nd period - Minor Penalty to Rick Nash for Diving.
9:36 of 2nd period - Jarkko Ruutu wins face-off versus Bobby Holik in neutral zone.
9:53 of 2nd period - Shot by Mark Bell.
9:53 of 2nd period - Shot Misses the Net.
9:55 of 2nd period - Shot by Josef Melichar.
9:55 of 2nd period - Stopped by Tim Thomas with a rebound.
9:59 of 2nd period - Shot by Jarkko Ruutu.
9:59 of 2nd period - Deflect By Sidney Crosby.
9:59 of 2nd period - Shot Blocked by Sami Salo.
10:21 of 2nd period - Shot by Bryan Mccabe.
10:21 of 2nd period - Stopped by Tim Thomas without a rebound.
10:22 of 2nd period - Bobby Holik wins face-off versus Evgeni Malkin in Bruins zone.
11:50 of 2nd period - Shot by Glen Murray.
11:50 of 2nd period - Shot Misses the Net.
11:52 of 2nd period - Shot by Ruslan Salei.
11:52 of 2nd period - Shot Blocked by Christian Backman.
11:54 of 2nd period - Shot by Rick Nash.
11:54 of 2nd period - Stopped by Marc-Andre Fleury with a rebound.
11:58 of 2nd period - Shot by Glen Murray.
11:58 of 2nd period - Shot Blocked by Kris Draper.
12:02 of 2nd period - Shot by Ruslan Salei.
12:02 of 2nd period - Shot Blocked by Brooks Orpik.
12:04 of 2nd period - Shot by Ruslan Salei.
12:04 of 2nd period - Shot Blocked by Christian Backman.
12:08 of 2nd period - Shot by Patrice Bergeron.
12:08 of 2nd period - Shot Misses the Net.
12:10 of 2nd period - Shot by Zdeno Chara.
12:10 of 2nd period - Stopped by Marc-Andre Fleury without a rebound.
12:11 of 2nd period - Shane Doan wins face-off versus Evgeni Malkin in Penguins zone.
12:20 of 2nd period - Shot by Bryan Mccabe.
12:20 of 2nd period - Shot Blocked by Sami Salo.
13:58 of 2nd period - Shot by Sidney Crosby.
13:58 of 2nd period - Shot Misses the Net.
14:10 of 2nd period - Shot by Jarkko Ruutu.
14:10 of 2nd period - Stopped by Tim Thomas without a rebound.
14:11 of 2nd period - Bobby Holik wins face-off versus Dallas Drake in Bruins zone.
14:11 of 2nd period - Sami Salo is hit by Jarkko Ruutu and loses puck.
14:13 of 2nd period - Sami Salo is hit by Dallas Drake.
14:16 of 2nd period - Ruslan Salei is hit by Martin Lapointe and loses puck.
15:00 of 2nd period - Off-side.
15:01 of 2nd period - Patrice Bergeron wins face-off versus Kris Draper in neutral zone.
15:22 of 2nd period - Shot by Rick Nash.
15:22 of 2nd period - Stopped by Marc-Andre Fleury without a rebound.
15:23 of 2nd period - Sean Avery wins face-off versus Sidney Crosby in Penguins zone.
15:50 of 2nd period - Shot by Shane Doan.
15:50 of 2nd period - Shot Misses the Net.
15:52 of 2nd period - Shot by Sean Avery.
15:52 of 2nd period - Stopped by Marc-Andre Fleury with a rebound.
15:56 of 2nd period - Shot by Sean Avery.
15:56 of 2nd period - Stopped by Marc-Andre Fleury without a rebound.
15:57 of 2nd period - Kris Draper wins face-off versus Patrice Bergeron in Penguins zone.
15:57 of 2nd period - Kris Draper is hit by Ruslan Salei.
16:08 of 2nd period - Patrice Bergeron is hit by Kris Draper.
16:27 of 2nd period - Rick Nash is hit by Christian Backman and loses puck.
16:33 of 2nd period - Patrice Bergeron is hit by Mark Parrish and loses puck.
16:36 of 2nd period - Shot by Glen Murray.
16:36 of 2nd period - Stopped by Marc-Andre Fleury without a rebound.
16:37 of 2nd period - Evgeni Malkin wins face-off versus Mike Richards in Penguins zone.
16:45 of 2nd period - Evgeni Malkin is hit by Rostislav Klesla and loses puck.
16:52 of 2nd period - Shot by Marian Hossa.
16:52 of 2nd period - Shot Blocked by P.J. Axelsson.
16:54 of 2nd period - Shot by Evgeni Malkin.
16:54 of 2nd period - Stopped by Tim Thomas without a rebound.
16:55 of 2nd period - Sean Avery wins face-off versus Sidney Crosby in Bruins zone.
16:55 of 2nd period - Sean Avery is hit by Jarkko Ruutu.
17:10 of 2nd period - Minor Penalty to Marco Sturm for Holding.
17:11 of 2nd period - Evgeni Malkin wins face-off versus Mike Richards in Bruins zone.
17:11 of 2nd period - Marian Hossa is hit by Garnet Exelby and loses puck.
17:41 of 2nd period - Icing by Bryan Mccabe.
17:42 of 2nd period - Evgeni Malkin wins face-off versus Mike Richards in Penguins zone.
17:42 of 2nd period - Evgeni Malkin is hit by Rick Nash.
17:49 of 2nd period - Minor Penalty to Mike Richards for Roughing.
17:50 of 2nd period - Sidney Crosby wins face-off versus Glen Murray in Bruins zone.
17:55 of 2nd period - Shot by Josef Melichar.
17:55 of 2nd period - Shot Blocked by Sami Salo.
18:15 of 2nd period - Shot by Sidney Crosby.
18:15 of 2nd period - Shot Misses the Net.
18:56 of 2nd period - Evgeni Malkin is hit by Zdeno Chara and loses puck.
19:31 of 2nd period - Shane Hnidy is hit by Mark Bell and loses puck.

Period #3

0:01 of 3rd period - Patrice Bergeron wins face-off versus Evgeni Malkin in neutral zone.
0:20 of 3rd period - Shot by Glen Murray.
0:20 of 3rd period - Shot Misses the Net.
0:22 of 3rd period - Shot by Glen Murray.
0:22 of 3rd period - Shot Blocked by Bryan Mccabe.
0:24 of 3rd period - Shot by Zdeno Chara.
0:24 of 3rd period - Stopped by Marc-Andre Fleury without a rebound.
0:25 of 3rd period - Shane Doan wins face-off versus Sidney Crosby in Penguins zone.
0:42 of 3rd period - Off-side.
0:43 of 3rd period - Kris Draper wins face-off versus Mike Richards in neutral zone.
0:47 of 3rd period - Brooks Orpik is hit by Scott Walker and loses puck.
1:15 of 3rd period - Icing by Kris Draper.
1:16 of 3rd period - Patrice Bergeron wins face-off versus Kris Draper in Penguins zone.
1:45 of 3rd period - Shot by Patrice Bergeron.
1:45 of 3rd period - Stopped by Marc-Andre Fleury without a rebound.
1:46 of 3rd period - Marco Sturm wins face-off versus Mark Bell in Penguins zone.
1:52 of 3rd period - Sean Avery and Mark Bell fight to a draw.
1:52 of 3rd period - Penalty to Sean Avery for Fighting.
1:52 of 3rd period - Penalty to Mark Bell for Fighting.
1:53 of 3rd period - Evgeni Malkin wins face-off versus Glen Murray in Penguins zone.
1:53 of 3rd period - Evgeni Malkin is hit by Glen Murray.
2:02 of 3rd period - Shot by Marian Hossa.
2:02 of 3rd period - Stopped by Tim Thomas without a rebound.
2:03 of 3rd period - Sidney Crosby wins face-off versus Mike Richards in Bruins zone.
2:34 of 3rd period - Shot by Marian Hossa.
2:34 of 3rd period - Stopped by Tim Thomas without a rebound.
2:35 of 3rd period - Marco Sturm wins face-off versus Jarkko Ruutu in Bruins zone.
2:35 of 3rd period - Marco Sturm is hit by Jarkko Ruutu.
3:46 of 3rd period - Shot by Dominic Moore.
3:46 of 3rd period - Deflect By Mark Parrish.
3:46 of 3rd period - Shot Misses the Net.
4:16 of 3rd period - Shot by P.J. Axelsson.
4:16 of 3rd period - Stopped by Marc-Andre Fleury with a rebound.
4:18 of 3rd period - Shot by Scott Walker.
4:18 of 3rd period - Deflect By Mike Richards.
4:18 of 3rd period - Shot Misses the Net.
4:20 of 3rd period - Shot by P.J. Axelsson.
4:20 of 3rd period - Stopped by Marc-Andre Fleury without a rebound.
4:21 of 3rd period - Bobby Holik wins face-off versus Evgeni Malkin in Penguins zone.
4:21 of 3rd period - Bobby Holik is hit by Evgeni Malkin.
4:47 of 3rd period - Shot by Marian Hossa.
4:47 of 3rd period - Shot Blocked by Sami Salo.
4:52 of 3rd period - Sami Salo is hit by Evgeni Malkin and loses puck.
4:55 of 3rd period - Shot by Bobby Holik.
4:55 of 3rd period - Shot Blocked by Bryan Mccabe.
5:45 of 3rd period - Shot by Mike Richards.
5:45 of 3rd period - Goal by Mike Richards - Penguins : 4 - Bruins : 2.
5:46 of 3rd period - Patrice Bergeron wins face-off versus Taylor Pyatt in neutral zone.
5:46 of 3rd period - Ruslan Salei is hit by Mark Parrish.
6:18 of 3rd period - Shot by Taylor Pyatt.
6:18 of 3rd period - Shot Blocked by Zdeno Chara.
6:29 of 3rd period - Icing by Rick Nash.
6:30 of 3rd period - Patrice Bergeron wins face-off versus Jarkko Ruutu in Bruins zone.
6:40 of 3rd period - Icing by Sidney Crosby.
6:41 of 3rd period - Mike Richards wins face-off versus Marian Hossa in Penguins zone.
6:48 of 3rd period - Shot by P.J. Axelsson.
6:48 of 3rd period - Goal by P.J. Axelsson - Penguins : 4 - Bruins : 3.
6:49 of 3rd period - Marian Hossa wins face-off versus Mike Richards in neutral zone.
7:07 of 3rd period - Bryan Mccabe is hit by Shane Hnidy and loses puck.
7:16 of 3rd period - Shot by Bryan Mccabe.
7:16 of 3rd period - Shot Misses the Net.
7:20 of 3rd period - Shot by Bryan Mccabe.
7:20 of 3rd period - Shot Misses the Net.
7:22 of 3rd period - Shot by Marian Hossa.
7:22 of 3rd period - Shot Blocked by P.J. Axelsson.
7:26 of 3rd period - Shot by Bryan Mccabe.
7:26 of 3rd period - Stopped by Tim Thomas with a rebound.
7:44 of 3rd period - Shot by Dominic Moore.
7:44 of 3rd period - Deflect By Mark Parrish.
7:44 of 3rd period - Shot Misses the Net.
7:46 of 3rd period - Shot by Christian Backman.
7:46 of 3rd period - Deflect By Mark Parrish.
7:46 of 3rd period - Stopped by Tim Thomas without a rebound.
7:47 of 3rd period - Sidney Crosby wins face-off versus Sean Avery in Bruins zone.
7:56 of 3rd period - Shot by Shane Doan.
7:56 of 3rd period - Shot Blocked by Josef Melichar.
8:00 of 3rd period - Shot by Marco Sturm.
8:00 of 3rd period - Shot Blocked by Glen Wesley.
8:02 of 3rd period - Shot by Sean Avery.
8:02 of 3rd period - Shot Blocked by Jarkko Ruutu.
8:06 of 3rd period - Shot by Marco Sturm.
8:06 of 3rd period - Shot Misses the Net.
8:08 of 3rd period - Shot by Sean Avery.
8:08 of 3rd period - Shot Misses the Net.
8:10 of 3rd period - Shot by Marco Sturm.
8:10 of 3rd period - Stopped by Marc-Andre Fleury without a rebound.
8:11 of 3rd period - Patrice Bergeron wins face-off versus Kris Draper in Penguins zone.
9:19 of 3rd period - Shot by Evgeni Malkin.
9:19 of 3rd period - Shot Blocked by Zdeno Chara.
9:23 of 3rd period - Shot by Evgeni Malkin.
9:23 of 3rd period - Shot Misses the Net.
9:25 of 3rd period - Shot by Scott Hannan.
9:25 of 3rd period - Shot Misses the Net.
10:00 of 3rd period - Icing by Sidney Crosby.
10:01 of 3rd period - Sidney Crosby wins face-off versus Mike Richards in Penguins zone.
10:07 of 3rd period - Mike Richards is hit by Josef Melichar.
10:08 of 3rd period - Minor Penalty to Sidney Crosby for Holding Stick.
10:09 of 3rd period - Sean Avery wins face-off versus Evgeni Malkin in Penguins zone.
10:25 of 3rd period - Shot by Marco Sturm.
10:25 of 3rd period - Shot Misses the Net.
10:39 of 3rd period - Shot by Sami Salo.
10:39 of 3rd period - Shot Misses the Net.
10:43 of 3rd period - Shot by Sami Salo.
10:43 of 3rd period - Shot Misses the Net.
10:45 of 3rd period - Shot by Rostislav Klesla.
10:45 of 3rd period - Shot Blocked by Josef Melichar.
10:58 of 3rd period - Minor Penalty to Bobby Holik for Goalie Interference.
10:59 of 3rd period - Marian Hossa wins face-off versus Mike Richards in Penguins zone.
11:17 of 3rd period - Marian Hossa is hit by Marco Sturm and loses puck.
12:25 of 3rd period - Off-side.
12:26 of 3rd period - Glen Murray wins face-off versus Mark Bell in neutral zone.
14:23 of 3rd period - Patrice Bergeron is hit by Mark Parrish and loses puck.
15:30 of 3rd period - Icing by Zdeno Chara.
15:31 of 3rd period - Sidney Crosby wins face-off versus Glen Murray in Bruins zone.
16:07 of 3rd period - Icing by Sean Avery.
16:08 of 3rd period - Jarkko Ruutu wins face-off versus Shane Doan in Bruins zone.
17:02 of 3rd period - Shot by P.J. Axelsson.
17:02 of 3rd period - Shot Blocked by Josef Melichar.
17:07 of 3rd period - Evgeni Malkin is hit by Mike Richards and loses puck.
17:15 of 3rd period - Taylor Pyatt is hit by Shane Hnidy and loses puck.
17:20 of 3rd period - Shot by Marian Hossa.
17:20 of 3rd period - Deflect By Evgeni Malkin.
17:20 of 3rd period - Stopped by Tim Thomas with a rebound.
17:22 of 3rd period - Shot by Taylor Pyatt.
17:22 of 3rd period - Shot Blocked by Shane Hnidy.
17:33 of 3rd period - Mike Richards is hit by Marian Hossa and loses puck.
17:41 of 3rd period - Marian Hossa is hit by Rostislav Klesla and loses puck.
17:53 of 3rd period - Scott Walker is hit by Brooks Orpik and loses puck.
18:56 of 3rd period - Shot by Jarkko Ruutu.
18:56 of 3rd period - Stopped by Tim Thomas without a rebound.
18:57 of 3rd period - Sean Avery wins face-off versus Evgeni Malkin in Bruins zone.
19:06 of 3rd period - Bruins, Tim Thomas is pulled from the net.
19:13 of 3rd period - Marian Hossa is hit by Sean Avery and loses puck.
19:22 of 3rd period - Shot by Marian Hossa.
19:22 of 3rd period - Shot Blocked by Zdeno Chara.
19:24 of 3rd period - Shot by Evgeni Malkin.
19:24 of 3rd period - Goal by Evgeni Malkin - Penguins : 5 - Bruins : 3.
19:24 of 3rd period - Tim Thomas from Bruins was sent back in the game.
19:25 of 3rd period - Sidney Crosby wins face-off versus Patrice Bergeron in neutral zone.
19:28 of 3rd period - Shot by Mark Bell.
19:28 of 3rd period - Stopped by Tim Thomas without a rebound.
19:29 of 3rd period - Sidney Crosby wins face-off versus Patrice Bergeron in Bruins zone.
19:42 of 3rd period - Shot by Rick Nash.
19:42 of 3rd period - Shot Misses the Net.


Output by the SimonT Hockey Simulator (STHS) for Stephane Roy -- Original Page W3C XHTML 1.0 Valid